 Dungeon Crawl Stone Soup version 0.18.1-48-g4cf74bf (webtiles) character file.

159 Implojin the Chopper (level 5, 0/45 HPs)
             Began as a Minotaur Fighter on June 29, 2016.
             Slain by a wight
             ... wielding a +1 long sword of freezing
              (1 damage)
             ... on level 3 of the Dungeon.
             The game lasted 00:02:19 (448 turns).

Implojin the Chopper (Minotaur Fighter)              Turns: 448, Time: 00:02:19

Health: 0/45       AC:  5    Str: 25    XL:     5   Next: 17%
Magic:  4/4        EV:  8    Int:  5    God:
Gold:   68         SH:  9    Dex: 11    Spells: 0 memorised, 4 levels left

rFire  . . .     SeeInvis .     a - +0 war axe
rCold  . . .     Gourm    .     g - +0 ring mail (curse)
rNeg   . . .     Faith    .     c - +0 shield
rPois  .         Spirit   .     (helmet restricted)
rElec  .         Dismiss  .     (no cloak)
rCorr  .         Reflect  .     (no gloves)
SustAt .         Harm     .     (no boots)
MR     .....                    (no amulet)
Stlth  +.........               (no ring)
                                (no ring)

@: mighty, drained, not resistant to hostile enchantments, very unstealthy
A: retaliatory headbutt, horns 2
a: no special abilities


You were on level 3 of the Dungeon.
You were not hungry.

You visited 1 branch of the dungeon, and saw 3 of its levels.

You collected 68 gold pieces.

Inventory:

Hand Weapons
 a - a +0 war axe (weapon)
Armour
 b - a +0 scale mail
 c - a +0 shield (worn)
 g - a cursed +0 ring mail (worn)
 m - a +0 buckler
Scrolls
 h - a scroll of identify {unknown}
 j - 2 scrolls of immolation {unknown}
 k - 2 scrolls of remove curse {unknown}
 l - a scroll of amnesia {unknown}
 n - a scroll of teleportation {unknown}
 o - a scroll of blinking {unknown}
Potions
 e - a potion of curing {unknown}
 i - a potion of flight {unknown}
Comestibles
 f - a bread ration


   Skills:
 - Level 3.6(3.2) Fighting
 * Level 6.6(6.2) Axes
 - Level 3.6(3.2) Armour
 - Level 3.6(3.2) Shields


You had 4 spell levels left.
You didn't know any spells.

Dungeon Overview and Level Annotations

Branches:
Dungeon (3/15)

Altars:
The Shining One


Innate Abilities, Weirdness & Mutations

You reflexively headbutt those who attack you in melee.
You have a pair of horns on your head.


Message History

You feel drained.
* * * LOW HITPOINT WARNING * * *
The wight freezes you.
* * * LOW HITPOINT WARNING * * *
You slash the wight!
You destroy the wight!
Your base Axes skill increases to level 6!
A wight comes into view. It is wielding a spear of freezing.
A wight comes into view.
It is wielding a long sword of freezing.
A wight comes into view. It is wielding an enchanted battleaxe.
Items here: )) [[ a hand axe of freezing; a robe; a long sword; a robe Unknown command.
You barely miss the wight.
The wight hits you from afar with a spear of freezing.
* * * LOW HITPOINT WARNING * * *
You feel drained. The wight freezes you.
* * * LOW HITPOINT WARNING * * *
The wight barely misses you.
Unknown command.
Drink which item? (? for menu, Esc to quit)
Okay, then.
You completely miss the wight. You headbutt the wight!
The wight is severely damaged.
You barely miss the wight. Your headbutt misses the wight.
The wight is severely damaged.
The wight barely misses you. You furiously retaliate!
You headbutt the wight!
You destroy the wight!
You have reached level 5!
You block the wight's attack.
You closely miss the wight. Your headbutt misses the wight.
You closely miss the wight. You block the wight's attack.
You closely miss the wight. You block the wight's attack.
You barely miss the wight. You block the wight's attack.
You hit the wight.
The wight is lightly damaged.
The wight hits you with a long sword of freezing!
* * * LOW HITPOINT WARNING * * *
You feel drained.
You die...

#.....# ... # #....# #.#
.# #...#####.###.#
#.............#
##.........>...#
##.....###...#%<###
#.........z.......#
..######.#...###z#.#..#.#
.............# #@#)# .#
..######.##..#
#.#.z..[... #<##.$#
.#....z#.##
#.##....###........
..###.##. .....#### ####
#$# .#.##.# .# #!# .# ..
... .#


You could see 2 wights.

Vanquished Creatures
  3 wights (D:3)
  An adder (D:2)
  A worm (D:2)
  2 dart slugs
  A giant gecko (D:2)
  5 goblins
  A kobold (D:2)
  5 bats
  9 giant newts (D:1)
28 creatures vanquished.

Notes
Turn   | Place    | Note
--------------------------------------------------------------
     0 | D:1      | Implojin the Minotaur Fighter began the quest for the Orb.
     0 | D:1      | Reached XP level 1. HP: 19/19 MP: 0/0
    42 | D:1      | Reached skill level 3 in Axes
   136 | D:2      | Reached XP level 2. HP: 16/26 MP: 1/1
   172 | D:2      | Found a glowing golden altar of the Shining One.
   289 | D:2      | Reached skill level 4 in Axes
   298 | D:2      | Reached XP level 3. HP: 15/31 MP: 2/2
   428 | D:3      | Reached skill level 5 in Axes
   428 | D:3      | Reached XP level 4. HP: 19/39 MP: 3/3
   433 | D:3      | Reached skill level 6 in Axes
   442 | D:3      | Reached XP level 5. HP: 7/45 MP: 4/4
   448 | D:3      | HP: 1/45 [wight/long sword of freezing (7)]
   448 | D:3      | Slain by a wight

Skill      XL: |  1  2  3  4 |
---------------+-------------+-----
Axes           | 3 4 5 6 |  6.6
Fighting       | |  3.6
Armour         | |  3.6
Shields        | |  3.6

Action                   |  1- 3 |  4- 6 || total
-------------------------+-------+-------++-------
Melee: War axe           |    53 |    13 ||    66
       Headbutt          |    11 |     1 ||    12
  Use: Potion            |     1 |       ||     1
Armor: Scale mail        |     8 |       ||     8
       Ring mail         |     7 |     1 ||     8
Dodge: Dodged            |    20 |     3 ||    23
Block: Shield            |    40 |     6 ||    46

Table legend:
 A = Turns spent in this place as a percentage of turns spent in the entire game.
 B = Non-inter-level travel turns spent in this place as a percentage of non-inter-level travel turns spent in the entire game.
 C = Inter-level travel turns spent in this place as a percentage of turns spent in this place.
 D = Turns resting spent in this place as a percentage of non-inter-level travel turns spent in this place.
 E = Turns spent auto-exploring this place as a percentage of non-inter-level travel turns spent in this place.
 F = Non-inter-level travel turns spent in this place divided by the number of levels of this place that you've seen.
                   A       B       C       D       E      F
               +-------+-------+-------+-------+-------+----------------------
         Total | 100.0 | 100.0 |   0.0 |   0.0 |   0.0 | 150.0
       Dungeon | 100.0 | 100.0 |   0.0 |   0.0 |   0.0 | 150.0
               +-------+-------+-------+-------+-------+----------------------

Table legend:
 A = Kills in this place as a percentage of kills in entire the game.
 B = Kills by you in this place as a percentage of kills by you in the entire game.
 C = Kills by friends in this place as a percentage of kills by friends in the entire game.
 D = Other kills in this place as a percentage of other kills in the entire game.
 E = Experience gained in this place as a percentage of experience gained in the entire game.
 F = Experience gained in this place divided by the number of levels of this place that you have seen.
                   A       B       C       D       E      F
               +-------+-------+-------+-------+-------+----------------------
         Total | 100.0 | 100.0 |  -nan |  -nan | 100.0 |  76.0
       Dungeon | 100.0 | 100.0 |  -nan |  -nan | 100.0 |  76.0
               +-------+-------+-------+-------+-------+----------------------
